 Dungeon Crawl Stone Soup version 0.28-a0-998-gb9e9c7b67e (webtiles) character file.

Game seed: 5224543487213620793

4512 27snakeeyes612 the Covert (level 10, 0/44 HPs)
             Began as a Spriggan Enchanter on Dec 6, 2021.
             Was a Believer of Dithmenos.
             Slain by an ogre (30 damage)
             ... on level 8 of the Dungeon.
             The game lasted 00:39:39 (9595 turns).

27snakeeyes612 the Covert (Spriggan Enchanter)      Turns: 9595, Time: 00:39:39

Health: 0/44       AC:  2    Str:  4    XL:     10   Next: 16%
Magic:  16/23      EV: 22    Int: 20    God:    Dithmenos [**....]
Gold:   391        SH:  0    Dex: 17    Spells: 20/25 levels left

rFire   . . .      SeeInvis +   p - +2 dagger (speed)
rCold   . . .      Faith    +   (shield restricted)
rNeg    . . .      Spirit   .   b - +0 robe
rPois   .          Reflect  .   (helmet restricted)
rElec   .          Harm     .   (no cloak)
rCorr   .          Rampage  .   (gloves unavailable)
Will    +....                   (boots unavailable)
Stlth   ++++++....              i - amulet of faith
HPRegen 0.14/turn               e - +4 ring of slaying
MPRegen 0.18/turn               r - +4 ring of slaying

@: wreathed by umbra, very quick
A: very small, no large weapons, unfitting armour, see invisible, speed 3
a: Renounce Religion, Shadow Step


You were on level 8 of the Dungeon.
You worshipped Dithmenos.
Dithmenos was pleased with you.
You visited 2 branches of the dungeon, and saw 9 of its levels.

You collected 391 gold pieces.

Inventory:

Hand Weapons
 a - a +1 dagger
 d - a +0 short sword
 l - a +1 rapier
 p - a +2 dagger of speed (weapon)
Missiles
 f - 156 stones
Armour
 b - a +0 robe (worn)
Jewellery
 e - a +4 ring of slaying (left hand)
 i - an amulet of faith (around neck)
 r - a +4 ring of slaying (right hand)
 t - a +4 ring of evasion
Wands
 j - a wand of flame (7)
 m - a wand of polymorph (12)
 w - a wand of digging (5)
Scrolls
 k - a scroll of amnesia
 u - 3 scrolls of magic mapping
 v - a scroll of teleportation
Potions
 c - 2 potions of invisibility
 g - 2 potions of mutation
 h - 5 potions of heal wounds {unknown}
 n - a potion of degeneration {unknown}
 o - a potion of attraction {unknown}
 q - a potion of flight {unknown}
 s - 2 potions of cancellation {unknown}
 x - 2 potions of brilliance {unknown}


   Skills:
 + Level 7.0 Short Blades
 + Level 8.8 Dodging
 + Level 10.8 Stealth
 + Level 8.0 Spellcasting
 + Level 8.6 Hexes
 + Level 2.3 Ice Magic
 - Level 2.3 Invocations


You had 20 spell levels left.
You knew the following spells:

 Your Spells              Type           Power      Damage    Failure   Level
a - Ensorcelled Hibernat  Hex/Ice        58%        N/A       1%          2
b - Confusing Touch       Hex            42%        N/A       1%          3

Your spell library contained the following spells:

 Spells                   Type           Power      Damage    Failure   Level
 Tukima's Dance           Hex            42%        N/A       1%          3
 Dazzling Flash           Conj/Hex       50%        N/A       4%          3
 Metabolic Englaciation   Hex/Ice        14%        N/A       26%         5
 Petrify                  Tmut/Erth      8%         N/A       63%         4
 Blade Hands              Tmut           4%         N/A       93%         5
 Irradiate                Conj/Tmut      4%         3d15      93%         5
 Statue Form              Tmut/Erth      5%         N/A       100%        6
 Dragon Form              Tmut           4%         N/A       100%        7


Dungeon Overview and Level Annotations

Branches:
Dungeon (8/15)             Temple (1/1) D:6
   Lair: D:8-11

Altars:
Ashenzari
Cheibriados
Dithmenos
Elyvilon
Fedhas
Gozag
Hepliaklqana
Kikubaaqudgha
Makhleb
Nemelex Xobeh
Okawaru
Qazlal
Ru
Sif Muna
Trog
Uskayaw
Vehumet
Wu Jian
Xom
Yredelemnul
Zin

Annotations:
D:4 1 runed translucent door, JohnySteedPL's ghost, amateur HOAK


Innate Abilities, Weirdness & Mutations

You are very small and have problems with some larger weapons.
You are too small for most types of armour.
You have supernaturally acute eyesight. (SInv)
You cover ground extremely quickly. (Speed+++)


Message History

The ogre is heavily wounded.
You catch the helpless ogre completely off-guard!
You skewer the ogre like a kebab!!!
You kill the ogre!
Dithmenos accepts your kill.
An ogre comes into view. It is wielding a +0 giant spiked club.
Casting: Confusing Touch (safe; 1% risk of failure)
Confirm with . or Enter, or press ? or * to list all spells.
Your hands begin to glow red.
You hit the ogre but do no damage. The ogre completely misses you.
You hit the ogre but do no damage.
The ogre appears confused.
You hit the ogre.
The ogre is lightly wounded.
The ogre gestures wildly.
The ogre misses you.
You puncture the ogre!
The ogre is moderately wounded.
You puncture the ogre!
The ogre is severely wounded.
You puncture the ogre!
The ogre is almost dead.
The ogre completely misses you.
You hit the ogre but do no damage.
The ogre is almost dead.
You hit the ogre.
You kill the ogre!
Dithmenos accepts your kill.
Casting: Confusing Touch (safe; 1% risk of failure)
Confirm with . or Enter, or press ? or * to list all spells.
Your hands begin to glow red.
You hit the ogre but do no damage.
The ogre hits you with a +0 giant spiked club!
You hit the ogre but do no damage.
The ogre appears confused.
You hit the ogre.
The ogre is lightly wounded.
You completely miss the ogre.
The ogre is lightly wounded.
The ogre hits you with a +0 giant spiked club!!
Ouch! That really hurt!
You die...

.o.....)....+ ....
..o.....)...####....
...#####............
####...#.)).........
#>.#)..'..).)......≈
###.)'...'..)........≈
###...#########P..!....≈
##....## ##..........
#...###
#P####@.P♣.♣..P.. #..##
#..)O.#♣.♣.♣.### ###.##
#.###### ♣♣♣♣## # .....#
..#.## ##### .##
..####### ...##...####


You could see an ogre (confused).

Vanquished Creatures
  Pikel (D:5)
  An unseen horror (D:5)
  A wyvern (D:6)
  A steam dragon (D:7)
  A water moccasin (D:6)
  Duvessa (D:6)
  A sky beast (D:8)
  3 ice beasts
  2 black bears
  2 orc warriors (D:7)
  5 ogres
  A centaur (D:8)
  2 necrophages
  4 lemures
  A kobold brigand (D:8)
  3 bullfrogs
  A wyvern zombie (D:8)
  Dowan (D:6)
  4 killer bees (D:8)
  5 wights (D:8)
  3 howler monkeys (D:7)
  2 centaur skeletons (D:5)
  6 orc priests
  3 gnoll shamans
  2 hounds
  Natasha (thrice) (D:4)
  8 iguanas
  4 orc wizards
  9 gnolls
  4 adders
  A shadow imp (D:7)
  2 white imps
  An ufetubus (D:4)
  A worm (D:2)
  4 dart slugs
  21 orcs
  5 endoplasms
  2 giant cockroaches (D:1)
  10 goblins
  A hobgoblin (D:1)
  7 kobolds
  4 quokkas
  4 ball pythons
  2 bats
  8 frilled lizards
  8 rats
166 creatures vanquished.

Vanquished Creatures (others)
  A fungus (D:8)
  4 plants (D:8)
5 creatures vanquished.

Grand Total: 171 creatures vanquished

Notes
Turn   | Place    | Note
-------+----------+-------------------------------------------
     0 | D:1      | 27snakeeyes612 the Spriggan Enchanter began the quest for
                  | the Orb.
     0 | D:1      | Reached XP level 1. HP: 9/9 MP: 5/5
   441 | D:1      | Found a faded altar of an unknown god.
   442 | D:1      | Noticed an eye of devastation
   446 | D:1      | Noticed a golden eye
   706 | D:1      | Noticed a golden eye
   712 | D:1      | Noticed a shining eye
  1004 | D:1      | Reached XP level 2. HP: 13/13 MP: 6/6
  1007 | D:1      | Learned a level 2 spell: Ensorcelled Hibernation
  1780 | D:2      | Reached XP level 3. HP: 16/16 MP: 3/8
  3078 | D:3      | Reached skill level 5 in Stealth
  3237 | D:3      | Reached skill level 1 in Ice Magic
  3237 | D:3      | Reached XP level 4. HP: 21/21 MP: 6/9
  3628 | D:3      | Noticed a bullfrog
  3644 | D:3      | Killed a bullfrog
  3645 | D:3      | Reached XP level 5. HP: 24/24 MP: 0/11
  3832 | D:4      | Noticed an ogre
  3986 | D:4      | Killed an ogre
  3987 | D:4      | Reached XP level 6. HP: 28/28 MP: 5/12
  4102 | D:4      | Reached skill level 6 in Stealth
  4401 | D:4      | Reached skill level 5 in Hexes
  4401 | D:4      | Reached XP level 7. HP: 32/32 MP: 9/14
  4531 | D:4      | Found a burning altar of Makhleb.
  4627 | D:4      | Found a runed translucent door.
  4627 | D:4      | Noticed JohnySteedPL's ghost (amateur HOAK)
  4677 | D:4      | Noticed Natasha
  4684 | D:4      | Killed Natasha
  4858 | D:4      | Noticed Natasha
  4903 | D:4      | Killed Natasha
  4904 | D:4      | Reached skill level 5 in Dodging
  5135 | D:4      | Noticed Natasha
  5152 | D:4      | Killed Natasha
  5215 | D:5      | Entered Level 5 of the Dungeon
  5215 | D:5      | Noticed an unseen horror
  5222 | D:5      | Killed an unseen horror
  5223 | D:5      | Reached skill level 7 in Stealth
  5223 | D:5      | Reached skill level 5 in Spellcasting
  5243 | D:4      | Learned a level 3 spell: Confusing Touch
  5252 | D:4      | Reached XP level 8. HP: 24/36 MP: 12/16
  5390 | D:5      | Noticed Pikel
  5535 | D:5      | Killed Pikel
  5536 | D:5      | Reached skill level 5 in Short Blades
  5536 | D:5      | Reached skill level 8 in Stealth
  6048 | D:6      | Reached skill level 9 in Stealth
  6185 | D:6      | Noticed Dowan
  6187 | D:6      | Noticed Duvessa
  6190 | D:6      | Killed Duvessa
  6191 | D:6      | Reached XP level 9. HP: 39/39 MP: 19/19
  6201 | D:6      | Killed Dowan
  6255 | D:6      | Found a staircase to the Ecumenical Temple.
  6260 | Temple   | Entered the Ecumenical Temple
  6352 | Temple   | Became a worshipper of Dithmenos the Shadowed
  7453 | D:7      | Reached skill level 1 in Invocations
  7591 | D:7      | Reached * piety under Dithmenos
  7592 | D:7      | Reached skill level 10 in Stealth
  7688 | D:7      | Found a shimmering blue altar of Sif Muna.
  7692 | D:7      | Found a sparkling altar of Nemelex Xobeh.
  7697 | D:7      | Found a radiant altar of Vehumet.
  8694 | D:8      | Found an ancient bone altar of Kikubaaqudgha.
  8814 | D:8      | Reached ** piety under Dithmenos
  8826 | D:8      | Reached XP level 10. HP: 32/44 MP: 11/22
  8915 | D:8      | Found a faded altar of an unknown god.
  9595 | D:8      | Slain by an ogre

Illustrated notes

Levels and vault maps discovered:
D:1:      minmay_arrival_four_loops, layout_rooms,
          hellmonk_ecumenical_altar_watching_god
D:2:      layout_basic
D:3:      layout_basic, serial_corexii_hall, chequers_hall_statues_corner_a,
          corexii_hall_statues_i, corexii_hall_statues_x
D:4:      layout_basic, makhleb_blood_cavern_becter, gammafunk_ghost_grave,
          grunt_ministairs_12, serial_park_tiny_2, uniq_natasha
D:5:      layout_layer_cave, uniq_pikel
D:6:      layout_rooms, temple_doors_e, uniq_duvessa
D:7:      layout_basic, grunt_temple_overflow_open, interstate_on_off
D:8:      kennysheep_seaside_town, layout_cave_pools,
          mainiacjoe_overflow_small_starburst, serial_column_ruins,
          column_ruins_temple_hall, column_ruins_hut_ruined,
          column_ruins_grid_4, column_ruins_grid_1, column_ruins_grid_1,
          column_ruins_corridor_dead_end, column_ruins_open_small
Temple:   nicolae_temple_elliptical

Skill      XL: |  1  2  3  4  5  6  7  8  9 10 |
---------------+-------------------------------+-----
Dodging        | 3 4 5 7 8 |  8.8
Spellcasting   | 3 4 5 6 7 8 |  8.0
Short Blades   | 2 3 4 5 6 7 |  7.0
Hexes          | 4 5 7 8 |  8.6
Stealth        | 5 6 7 9 10 | 10.8
Ice Magic      | 1 2 |  2.3
Invocations    | 2 |  2.3

Action                   |  1- 3 |  4- 6 |  7- 9 | 10-12 || total
-------------------------+-------+-------+-------+-------++-------
Melee: Dagger            |    73 |    37 |   198 |    62 ||   370
       Rapier            |       |       |    45 |       ||    45
       Unarmed           |       |       |     4 |       ||     4
Throw: Stone             |    10 |       |       |       ||    10
 Cast: Ensorcelled Hiber |    43 |    24 |    58 |     8 ||   133
       Confusing Touch   |       |       |    39 |    13 ||    52
  Use: Scroll            |     3 |     1 |     7 |       ||    11
 Stab: Sleeping          |    32 |    16 |    37 |     7 ||    92
       Distracted        |       |     1 |     1 |       ||     2
       Confused          |       |       |    33 |     6 ||    39
Armor: Robe              |     3 |     6 |     4 |       ||    13
Dodge: Dodged            |    49 |    33 |   126 |    37 ||   245

Table legend: (Time is in decaauts)
 A = Elapsed time spent in this place.
 B = Non-inter-level travel time spent in this place.
 C = Inter-level travel time spent in this place.
 D = Time resting spent in this place.
 E = Time spent auto-exploring this place.
 F = Levels seen in this place.
 G = Mean time per level.
                   A        B        C        D        E       F      G
               +--------+--------+--------+--------+--------+-----+--------+
         Total |   7558 |   7262 |    296 |   3946 |     54 |   9 |  839.8 |
       Dungeon |   7492 |   7196 |    296 |   3946 |     15 |   8 |  936.5 |
        Temple |     66 |     66 |      0 |      0 |     38 |   1 |   66.0 |
               +--------+--------+--------+--------+--------+-----+--------+

Top non-repeatable levels by time:
     D:4: 1434 daAuts
     D:1: 1395 daAuts
     D:7: 1214 daAuts
     D:2: 973 daAuts
     D:6: 688 daAuts
     D:5: 678 daAuts
     D:8: 591 daAuts
     D:3: 517 daAuts
  Temple: 66 daAuts
